 Dungeon Crawl Stone Soup version 0.23-a0-481-g60b89c1 (webtiles) character file.

1320 Pantaloons the Grappler (level 8, 0/74 HPs)
             Began as a Troll Warper on Nov 30, 2018.
             Killed by nerve-wracking pain
             ... invoked by an orc priest
              (12 damage)
             ... on level 4 of the Dungeon.
             The game lasted 00:12:03 (3721 turns).

Pantaloons the Grappler (Troll Warper)              Turns: 3721, Time: 00:12:04

Health: 0/74       AC:  7    Str: 20    XL:     8   Next: 33%
Magic:  10/10      EV: 10    Int: 11    God:
Gold:   219        SH:  0    Dex:  9    Spells: 8/12 levels left

rFire    + . .     SeeInvis .     - Unarmed
rCold    . . .     Gourm    +   (no shield)
rNeg     . . .     Faith    .   a - +0 robe
rPois    .         Spirit   .   o - +2 hat
rElec    .         Reflect  .   (no cloak)
rCorr    .         Harm     .   (gloves unavailable)
MR       +....                  (boots unavailable)
Stlth    +.........             (no amulet)
HPRegen  0.62/turn              p - ring of protection from fire
MPRegen  0.12/turn              t - ring of protection from magic

@: no status effects
A: large, unfitting armour, claws 3, fast metabolism 3, gourmand, regeneration
1, shaggy fur 1, tough skin 2
a: no special abilities


You were on level 4 of the Dungeon.
You were not hungry.

You visited 1 branch of the dungeon, and saw 4 of its levels.
You also visited: Ossuary.

You collected 219 gold pieces.

Inventory:

Hand Weapons
 i - a +0 spear
Missiles
 d - 5 tomahawks of dispersal
 l - 104 stones (quivered)
 y - 5 tomahawks
Armour
 a - a +0 robe (worn)
 o - a +2 hat (worn)
Jewellery
 p - a ring of protection from fire (left claw)
 t - a ring of protection from magic (right claw)
Wands
 n - a wand of random effects (21)
 z - a wand of enslavement (6)
Scrolls
 b - 2 scrolls of remove curse {unknown}
 e - 2 scrolls of identify {unknown}
 h - a scroll of enchant weapon {unknown}
 j - a scroll of fog {unknown}
 s - 3 scrolls of teleportation {unknown}
 w - a scroll of immolation {unknown}
Potions
 c - 2 potions of lignification {unknown}
 g - 3 potions of heal wounds {unknown}
 k - 4 potions of curing {unknown}
 m - 2 potions of agility {unknown}
 q - a potion of degeneration {unknown}
 r - 2 potions of flight {unknown}
 u - a potion of ambrosia {unknown}
 v - a potion of brilliance {unknown}
 x - a potion of resistance {unknown}
Comestibles
 f - 7 rations


   Skills:
 + Level 2.8 Fighting
 - Level 0.8 Throwing
 - Level 2.3 Dodging
 + Level 8.3 Unarmed Combat
 * Level 2.5 Spellcasting
 * Level 3.5 Translocations


You had 8 spell levels left.
You knew the following spells:

 Your Spells              Type           Power        Failure   Level  Hunger
a - Blink                 Tloc           N/A          10%         2    ###....
b - Shroud of Golubria    Chrm/Tloc      #.........   21%         2    ###....

Your spell library contained the following spells:

 Spells                   Type           Power        Failure   Level  Hunger
 Gell's Gravitas          Tloc           #.........   19%         3    ####...
 Lesser Beckoning         Tloc           #.........   19%         3    ####...
 Teleport Other           Tloc           #.......     19%         3    ####...
 Passage of Golubria      Tloc           N/A          54%         4    #####..


Dungeon Overview and Level Annotations

Branches:
Dungeon (4/15)
 Temple: D:4-7

Altars:
Elyvilon
Gozag
Ru
Trog

Annotations:
D:3 exclusion: downstairs


Innate Abilities, Weirdness & Mutations

You are too large for most types of armour.
You have claws for hands.
Your metabolism is lightning-fast.
You like to eat raw meat.
Your natural rate of healing is unusually fast.
You are covered in fur. (AC +1)
You have very tough skin. (AC +2)


Message History

The orc priest hits you with a cursed -1 hand axe.
The orc priest invokes the aid of Beogh against you.
Beogh smites you!
You claw the orc priest!
The orc priest is heavily wounded.
The orc priest barely misses you.
You claw the orc priest!
You kill the orc priest!
The orc hits you with a +0 hand axe.
* * * LOW HITPOINT WARNING * * *
The orc priest hits you with a +0 flail.
* * * LOW HITPOINT WARNING * * *
You closely miss the orc priest. The orc hits you with a +0 hand axe!
* * * LOW HITPOINT WARNING * * *
The orc priest hits you with a +0 flail.
* * * LOW HITPOINT WARNING * * *
You barely miss the orc priest. The orc hits you but does no damage.
The orc priest mumbles some strange prayers to Beogh against you.
Pain shoots through your body!
You die...

.......#5.# #...........# #.....
.......#..# #...........####.....
.......#..# #....................
.......#..# #...........######'##
..........# #####..##'#.# #.#
.......#.## # #..##.#.######.##
.......#.##.# ##.##.#.#.......#
............######..#.#.#........
##.[..##.##...o)@...#.#.#.......#
...<..........Oo....#...........#
....O..#.#......................#
.....(...#................##....#
.#.....###................##....#
.#..................#.)...##....#
.#....####..######'##.....##....#
.......# #..######.#......##....#
.#...### #.........#......++....#


You could see an ogre, an orc priest and an orc.

Vanquished Creatures
  Grinder (D:4)
  Edmund (D:4)
  Duvessa (D:4)
  A sky beast (D:4)
  An elf zombie (Ossuary)
  A bullfrog (D:3)
  Dowan (D:4)
  2 scorpions (D:4)
  3 orc wizards
  4 orc priests
  2 human zombies (Ossuary)
  Jessica (D:2)
  A worker ant (D:4)
  A big kobold zombie (Ossuary)
  A worker ant zombie (D:3)
  3 mummies
  5 adders
  An ooze (D:1)
  An adder zombie (Ossuary)
  3 worms (D:2)
  2 dart slugs (D:2)
  3 leopard geckos
  8 orcs
  4 giant cockroaches
  9 goblins
  12 hobgoblins
  9 kobolds
  A ball python (D:1)
  7 bats
  6 frilled lizards
  A goblin zombie (Ossuary)
  6 hobgoblin zombies (Ossuary)
  4 jackal zombies (Ossuary)
  9 kobold zombies (Ossuary)
  10 orc zombies (Ossuary)
  A quokka skeleton (D:4)
  15 rats
  2 rat zombies (Ossuary)
144 creatures vanquished.

Notes
Turn   | Place    | Note
-------+----------+-------------------------------------------
     0 | D:1      | Pantaloons the Troll Warper began the quest for the Orb.
     0 | D:1      | Reached XP level 1. HP: 19/19 MP: 1/1
   221 | D:1      | Reached XP level 2. HP: 27/27 MP: 3/3
   228 | D:1      | Learned a level 2 spell: Blink
   605 | D:2      | Found a sacrificial altar of Ru.
   657 | D:2      | Reached XP level 3. HP: 35/35 MP: 4/4
   788 | D:2      | Noticed Jessica
   794 | D:2      | Killed Jessica
   794 | D:2      | Reached XP level 4. HP: 41/42 MP: 5/5
   893 | D:2      | Reached skill level 3 in Unarmed Combat
  1061 | D:2      | Found an opulent altar of Gozag.
  1190 | D:2      | Noticed a moth of wrath
  1193 | D:2      | Found a bloodstained altar of Trog.
  1573 | D:3      | Found a faded altar of an unknown god.
  1654 | D:3      | Reached skill level 4 in Unarmed Combat
  1654 | D:3      | Reached XP level 5. HP: 46/49 MP: 6/6
  1980 | D:3      | Reached skill level 5 in Unarmed Combat
  2090 | D:3      | Reached XP level 6. HP: 53/58 MP: 7/7
  2475 | D:4      | Noticed Dowan
  2477 | D:4      | Noticed Duvessa
  2489 | D:4      | Killed Duvessa
  2562 | D:4      | Killed Dowan
  2562 | D:4      | Reached skill level 6 in Unarmed Combat
  2600 | D:4      | Found a white marble altar of Elyvilon.
  2611 | D:4      | Reached XP level 7. HP: 66/66 MP: 8/8
  2612 | D:4      | Noticed Edmund
  2623 | D:4      | Killed Edmund
  2675 | D:4      | Noticed Grinder
  2697 | D:4      | Paralysed by Grinder for 2 turns
  2750 | D:4      | Found a sand-covered staircase.
  2755 | Ossuary  | Entered an ossuary
  2946 | Ossuary  | Reached skill level 7 in Unarmed Combat
  3117 | D:4      | Learned a level 2 spell: Shroud of Golubria
  3242 | D:4      | Killed Grinder
  3242 | D:4      | Reached XP level 8. HP: 45/74 MP: 10/10
  3446 | D:4      | Reached skill level 8 in Unarmed Combat
  3721 | D:4      | Killed from afar by an orc priest

Vault maps used:
D:1:      erik_arrival_triangle_medium, minmay_misc_feat_square
D:2:      lemuel_coloured_pillars_altar, tgw_trog,
          nicolae_ru_sacrificial_ziggurat, uniq_jessica
D:3:      first_ration, chequers_ecumenical_altar_simple_redux
D:4:      lemuel_round_altar, nicolae_ossuary_entry_giza, uniq_duvessa,
          uniq_grinder, uniq_edmund
Ossuary:  ossuary_tomb_1

Skill      XL: |  1  2  3  4  5  6  7  8 |
---------------+-------------------------+-----
Dodging        | 2 |  2.3
Fighting       | 2 |  2.8
Unarmed Combat | 4 5 6 7 8 |  8.3
Spellcasting   | 2 |  2.5
Translocations | 3 |  3.5
Throwing       | |  0.8

Action                   |  1- 3 |  4- 6 |  7- 9 || total
-------------------------+-------+-------+-------++-------
Melee: Unarmed           |    96 |   129 |   186 ||   411
       Punch             |       |     4 |     6 ||    10
Evoke: Wand              |       |       |     2 ||     2
  Use: Scroll            |       |       |     1 ||     1
 Stab: Paralysed         |       |       |     4 ||     4
  Eat: Chunk             |    13 |    16 |     4 ||    33
Armor: Robe              |    43 |    61 |    52 ||   156
Dodge: Dodged            |    46 |    76 |    57 ||   179

Table legend:
 A = Non-vault XP
 B = Vault XP
 C = Vault XP percentage of total XP
 D = Non-vault monster count
 E = Vault monster count
 F = Vault count percentage of total count
                 A         B        C        D         E       F
            +---------+---------+-------+---------+---------+-------
      Total |     904 |     982 |  52.1 |      94 |      50 |  34.7
            +---------+---------+-------+---------+---------+-------
        D:1 |      36 |       0 |   0.0 |      18 |       0 |   0.0
        D:2 |     115 |      46 |  28.6 |      25 |       6 |  19.4
        D:3 |     252 |       0 |   0.0 |      31 |       0 |   0.0
        D:4 |     501 |     655 |  56.7 |      20 |       5 |  20.0
    Ossuary |       0 |     281 | 100.0 |       0 |      39 | 100.0
            +---------+---------+-------+---------+---------+-------
